 Dungeon Crawl Stone Soup version 0.31-a0-152-g6aa68a64a1 (webtiles) character file.

Game seed: 9916491933956451975

11878 ryw the Basher (level 11, 0/92 HPs)
             Began as a Demonspawn Monk on June 11, 2023.
             Was a High Priest of Okawaru.
             Slain by a yak (4 damage)
             ... on level 2 of the Lair of Beasts.
             The game lasted 00:17:55 (9720 turns).

ryw the Basher (Demonspawn Monk)                    Turns: 9720, Time: 00:17:55

Health: 0/92       AC: 12    Str: 13    XL:     11   Next: 55%
Magic:  18/18      EV: 13    Int: 13    God:    Okawaru [*****.]
Gold:   739        SH:  9    Dex: 20    Spells: 15/20 levels left

rFire   . . .        d - +3 flail (drain)
rCold   . . .        c - orb {light}
rNeg    . . .        a - +1 robe "Covis" {rPois Regen+ Dex+3}
rPois   +            (helmet restricted)
rElec   +            N - +0 cloak of Mion {rElec}
rCorr   .            p - +0 pair of gloves
SInv    .            j - +0 pair of boots
Will    .....        y - amulet of reflection
Stlth   +            A - ring of wizardry
HPRegen 1.15/turn    x - ring of flight
MPRegen 0.16/turn

%: reflection, wizardry (x1)
@: flying, glowing
A: horns 2, thin metallic scales 1, icemail 1, condensation shield
a: Renounce Religion, Heroism, Finesse, Duel


You were on level 2 of the Lair of Beasts.
You worshipped Okawaru.
Okawaru was extremely pleased with you.
You visited 3 branches of the dungeon, and saw 11 of its levels.
You also visited: Sewer.

You collected 739 gold pieces.

Inventory:

Hand Weapons
 d - a +3 flail of draining (weapon)
Missiles
 g - 11 poisoned darts (quivered)
 s - 5 boomerangs
 I - a javelin
 L - a curare-tipped dart
Armour
 a - the +1 robe "Covis" (worn) {rPois Regen+ Dex+3}
   (You found it on level 2 of the Dungeon)

   Dex:       It affects your dexterity (+3).
   rPois:     It protects you from poison.
   Regen:     It increases your rate of health regeneration.
 c - an orb of light (worn)
 f - a +2 leather armour of poison resistance
 j - a +0 pair of boots (worn)
 l - a +2 ring mail of cold resistance
 p - a +0 pair of gloves (worn)
 N - the +0 cloak of Mion (worn) {rElec}
   (Okawaru gifted it to you on level 1 of the Lair of Beasts)

   rElec:     It insulates you from electricity.
Jewellery
 x - a ring of flight (right hand)
 y - an amulet of reflection (around neck)
 A - a ring of wizardry (left hand)
 F - a ring of resist corrosion
Wands
 m - a wand of digging (6)
 o - a wand of mindburst (11)
 r - a wand of iceblast (4)
 H - a wand of polymorph (5)
 J - a wand of paralysis (12)
 K - a wand of quicksilver (6)
Scrolls
 e - 4 scrolls of teleportation
 q - a scroll of brand weapon
 t - 3 scrolls of magic mapping
 E - 2 scrolls of poison
 G - a scroll of blinking
 O - a scroll of noise
Potions
 b - a potion of ambrosia
 h - 4 potions of enlightenment
 i - 3 potions of lignification
 k - a potion of degeneration
 n - 2 potions of attraction
 u - 3 potions of curing
 v - 2 potions of magic {unknown}
 z - 2 potions of brilliance
 B - a potion of invisibility
 C - a potion of mutation {unknown}
 D - a potion of resistance {unknown}


   Skills:
 + Level 10.4 Fighting
 * Level 11.5 Maces & Flails
 + Level 4.5 Throwing
 - Level 0.2 Armour
 + Level 3.1 Dodging
 - Level 3.0 Unarmed Combat
 - Level 5.0 Spellcasting
 - Level 5.0 Summonings


You had 15 spell levels left.
You knew the following spells:

 Your Spells              Type           Power      Damage    Failure   Level
a - Confusing Touch       Hex            3%         N/A       22%         3
b - Call Imp              Summ           32%        N/A       1%          2

Your spell library contained the following spells:

 Spells                   Type           Power      Damage    Failure   Level
 Apportation              Tloc           6%         N/A       8%          1
 Kiss of Death            Conj/Necr      12%        2d6       8%          1
 Magic Dart               Conj           12%        1d3       8%          1
 Necrotise                Necr           12%        1d4       8%          1
 Mephitic Cloud           Conj/Pois/Air  3%         N/A       22%         3
 Vhi's Electric Charge    Tloc/Air       6%         N/A       22%         3
 Dispel Undead            Necr           3%         3d7       56%         4
 Arcjolt                  Conj/Air       1%         1d11      87%         5
 Maxwell's Capacitive Co  Air            1%         ∞         100%        8
 Summon Small Mammal      Summ           Unusable   N/A       N/A         1

Dungeon Overview and Level Annotations

Branches:
Dungeon (8/15)             Temple (1/1) D:6            Lair (2/5) D:8
  Sewer (visited)
  Swamp: Lair:2-3    Shoals: Lair:2-3     Snake: Lair:2-3    Spider: Lair:2-3

Altars:
Dithmenos
Gozag
Hepliaklqana
Kikubaaqudgha
Makhleb
Nemelex Xobeh
Okawaru
Qazlal
Ru
Trog
Uskayaw
Vehumet
Wu Jian
Yredelemnul


Innate Abilities, Weirdness & Mutations

You have a pair of horns on your head.
You are partially covered in thin metallic scales. (AC +2)
A meltable icy envelope protects you from harm. (AC +4)
A meltable shield of frost defends you. (SH +4)


Message History

The wolf is heavily wounded.
The wolf bites you but does no damage. You block the yak's attack.
The wolf closely misses you. The yak closely misses you. The yak gores you.
* * * LOW HITPOINT WARNING * * *
The yak gores you.
* * * LOW HITPOINT WARNING * * *
Unknown command.
You barely miss the wolf. Your headbutt misses the wolf.
The wolf is heavily wounded.
The wolf closely misses you. The wolf bites you.
* * * LOW HITPOINT WARNING * * *
The wolf barely misses you. The yak gores you.
* * * LOW HITPOINT WARNING * * *
You block the yak's attack. The yak gores you.
* * * LOW HITPOINT WARNING * * *
You block the yak's attack.
You barely miss the wolf.
The wolf is moderately wounded.
The wolf misses you. The wolf completely misses you.
The wolf bites you but does no damage.
Unknown command.
Unknown command.
You hit the wolf. You drain the wolf.
The wolf is severely wounded.
The wolf closely misses you. The yak gores you.
* * * LOW HITPOINT WARNING * * *
You block the yak's attack. The yak barely misses you.
The yak gores you but does no damage. The wolf bites you but does no damage.
The wolf closely misses you.
Unknown command.
You hit the wolf but do no damage. You drain the wolf.
The wolf is almost dead.
The wolf barely misses you. You block the yak's attack. The wolf misses you.
The yak gores you but does no damage. You block the yak's attack.
The yak barely misses you. The wolf barely misses you.
Unknown command.
You closely miss the wolf.
The wolf is almost dead.
You block the wolf's attack. You block the yak's attack. The yak gores you.
You die...

..........# ##.....
........††# #.....
##..P......# # # #.....
..........##.##.P#.....
........................
..##..#..P..............
........................
......hY...........P....
.....hh@..........P.###.
......YYY.#####..### ##
.......h.## ##.#
#......... ..
#........## ##.......#
#.......# ........# #
#####


You could see 4 yaks and 4 wolves.

Vanquished Creatures
  A black mamba (Lair:2)
  A cane toad (Lair:2)
  2 torpor snails
  A rime drake (Lair:1)
  2 komodo dragons (Lair:1)
  Grinder (D:5)
  7 dream sheep
  5 blink frogs (Lair:2)
  12 yaks
  4 wyverns
  3 basilisks
  Edmund (D:5)
  Duvessa (D:6)
  3 water moccasins (Lair:1)
  6 black bears
  2 orc warriors (D:8)
  A sky beast (D:8)
  2 wolves (Lair:2)
  An ice beast (D:3)
  3 centaurs (D:8)
  4 ogres
  A phantom (D:5)
  2 kobold brigands
  5 bullfrogs
  4 scorpions
  5 wights
  Dowan (D:6)
  8 killer bees
  3 howler monkeys
  3 electric eels (D:6)
  Crazy Yiuf (D:3)
  6 hounds
  A jelly (D:6)
  4 orc priests
  A gnoll bouda (D:6)
  3 sleepcaps
  2 iguanas
  4 orc wizards
  Terence (D:2)
  10 adders
  14 gnolls
  A shadow imp (D:8)
  4 ufetubi
  7 worms
  6 dart slugs
  12 orcs
  6 ball pythons
  10 endoplasms
  13 giant cockroaches
  5 goblins
  13 hobgoblins
  4 jackals (D:4)
  8 quokkas
  3 bats
  5 frilled lizards
  15 kobolds
  10 rats
264 creatures vanquished.

Vanquished Creatures (others)
  A hobgoblin (D:8)
  A kobold (D:8)
2 creatures vanquished.

Grand Total: 266 creatures vanquished

Notes
Turn   | Place    | Note
-------+----------+-------------------------------------------
     0 | D:1      | ryw the Demonspawn Monk began the quest for the Orb.
     0 | D:1      | Reached XP level 1. HP: 18/18 MP: 1/1
   337 | D:1      | Gained mutation: You have a pair of small horns on your
                  | head. [demonic ancestry]
   337 | D:1      | Reached XP level 2. HP: 24/24 MP: 2/2
  1159 | D:2      | Reached XP level 3. HP: 17/30 MP: 3/3
  1454 | D:2      | Reached XP level 4. HP: 26/38 MP: 4/4
  1606 | D:2      | Noticed Terence
  1612 | D:2      | Killed Terence
  1613 | D:2      | Reached skill level 1 in Maces & Flails
  1766 | D:2      | Identified the +1 robe "Covis" {rPois Regen+ Dex+3}
  1953 | D:3      | Noticed an ice beast
  1956 | D:3      | Killed an ice beast
  1957 | D:3      | Reached skill level 5 in Fighting
  1957 | D:3      | Reached skill level 2 in Maces & Flails
  1957 | D:3      | Gained mutation: You are partially covered in thin metallic
                  | scales. (AC +2) [demonic ancestry]
  1957 | D:3      | Reached XP level 5. HP: 38/44 MP: 5/5
  2015 | D:3      | Found a glowing drain.
  2035 | Sewer    | Entered a sewer
  2189 | Sewer    | Gained mutation: You have a pair of horns on your head.
                  | [demonic ancestry]
  2189 | Sewer    | Reached XP level 6. HP: 47/51 MP: 6/6
  2209 | Sewer    | Reached skill level 3 in Maces & Flails
  2598 | D:3      | Learned a level 1 spell: Summon Small Mammal
  2726 | D:3      | Found a runed translucent door.
  2727 | D:3      | Noticed Crazy Yiuf
  2732 | D:3      | Killed Crazy Yiuf
  2971 | D:3      | Reached skill level 1 in Summonings
  3133 | D:4      | Reached skill level 1 in Spellcasting
  3133 | D:4      | Reached XP level 7. HP: 58/58 MP: 8/8
  3574 | D:4      | Reached skill level 4 in Maces & Flails
  3807 | D:5      | Entered Level 5 of the Dungeon
  3870 | D:5      | Noticed Edmund
  3887 | D:5      | Killed Edmund
  4128 | D:5      | Gained mutation: A meltable shield of frost defends you.
                  | (SH +4) [demonic ancestry]
  4128 | D:5      | Reached XP level 8. HP: 33/65 MP: 11/11
  4347 | D:5      | Reached skill level 5 in Maces & Flails
  4360 | D:5      | Noticed Grinder
  4360 | D:5      | Paralysed by Grinder for 3 turns
  4372 | D:5      | Killed Grinder
  4514 | D:6      | Learned a level 2 spell: Call Imp
  4711 | D:6      | Noticed Duvessa
  4711 | D:6      | Noticed Dowan
  4719 | D:6      | Killed Dowan
  4729 | D:6      | Killed Duvessa
  4944 | D:6      | Reached skill level 6 in Maces & Flails
  5035 | D:6      | Found a staircase to the Ecumenical Temple.
  5047 | Temple   | Entered the Ecumenical Temple
  5288 | Temple   | Became a worshipper of Warmaster Okawaru
  5288 | Temple   | Reached * piety under Okawaru
  5288 | Temple   | Reached ** piety under Okawaru
  5855 | D:7      | Reached XP level 9. HP: 72/72 MP: 14/14
  6217 | D:7      | Reached skill level 7 in Maces & Flails
  6444 | D:7      | Found a shadowy altar of Dithmenos.
  6775 | D:8      | Reached *** piety under Okawaru
  6892 | D:8      | Reached skill level 5 in Summonings
  7014 | D:8      | Found a staircase to the Lair.
  7062 | D:8      | Reached skill level 8 in Maces & Flails
  7130 | D:8      | Reached skill level 5 in Spellcasting
  7164 | D:8      | Gained mutation: A meltable icy envelope protects you from
                  | harm. (AC +4) [demonic ancestry]
  7164 | D:8      | Reached XP level 10. HP: 79/82 MP: 17/17
  7181 | D:8      | Reached **** piety under Okawaru
  7666 | D:8      | Found an opulent altar of Gozag.
  7805 | Lair:1   | Entered Level 1 of the Lair of Beasts
  7814 | Lair:1   | Noticed a torpor snail
  8010 | Lair:1   | Reached skill level 9 in Maces & Flails
  8152 | Lair:1   | Received a gift from Okawaru
  8492 | Lair:1   | Reached skill level 1 in Throwing
  8581 | Lair:1   | Reached ***** piety under Okawaru
  8637 | Lair:1   | Killed a torpor snail
  8638 | Lair:1   | Reached skill level 10 in Maces & Flails
  8953 | Lair:2   | Noticed a torpor snail
  8954 | Lair:2   | Noticed a cane toad
  8981 | Lair:2   | Noticed a black mamba
  8987 | Lair:2   | Killed a black mamba
  9016 | Lair:2   | Reached XP level 11. HP: 74/90 MP: 18/18
  9044 | Lair:1   | Identified the +0 cloak of Mion {rElec} (Okawaru gifted it
                  | to you on level 1 of the Lair of Beasts)
  9044 | Lair:1   | Received a gift from Okawaru
  9175 | Lair:2   | Reached skill level 10 in Fighting
  9411 | Lair:2   | Reached skill level 11 in Maces & Flails
  9691 | Lair:2   | Learned a level 3 spell: Confusing Touch
  9716 | Lair:2   | HP: 2/92 [yak (4)]
  9720 | Lair:2   | Slain by a yak

Illustrated notes

Levels and vault maps discovered:
D:1:      ldierk_walled_garden_2, layout_basic, minmay_crystal_water
D:2:      layout_rooms, serial_curves, eino_curves_02, eino_curves_03,
          nicolae_concentric_dashed_squares_mild, chequers_decorated_corner,
          serial_bayou_pond_b, dreamdust_mushroom_princess, minmay_3d_cube,
          uniq_terence
D:3:      layout_basic, cheibrodos_sewer_entry_drain, minmay_quantized,
          uniq_crazy_yiuf_cottage
D:4:      layout_loops_ring
D:5:      layout_loops_ring, corexii_shack, dreamdust_princess_corridor,
          uniq_edmund, uniq_grinder
D:6:      layout_loops_corners, temple_green, serial_bayou_pond_c,
          serial_bayou_lake_a, uniq_duvessa
D:7:      layout_basic, kennysheep_mini_moat
D:8:      kennysheep_housing_project, layout_loops_ring, grunt_gozag_statues,
          grunt_lair_entry_orc_guard_hut, minivault_19,
          nicolae_concentric_dashed_squares_wild
Temple:   mainiacjoe_temple_big_plus
Lair:1:   layout_cave_pods
Lair:2:   beast_lair_carwin_large_1, layout_chaotic_city

Skill      XL: |  1  2  3  4  5  6  7  8  9 10 11 |
---------------+----------------------------------+-----
Dodging        | 3 |  3.1
Unarmed Combat | 3 |  3.0
Fighting       | 4 5 6 7 8 9 10 | 10.4
Maces & Flails | 2 3 4 6 8 10 11 | 11.5
Summonings     | 1 2 4 5 |  5.0
Spellcasting   | 1 2 3 5 |  5.0
Throwing       | 2 4 |  4.5
Armour         | |  0.2

Action                     |  1- 3 |  4- 6 |  7- 9 | 10-12 || total
---------------------------+-------+-------+-------+-------++-------
  Melee: Flail             |    48 |   140 |   303 |   255 ||   746
         Unarmed           |     7 |       |       |       ||     7
         Headbutt          |     3 |    23 |    67 |    80 ||   173
  Throw: Dart              |       |       |     4 |     5 ||     9
         Javelin           |       |       |       |     1 ||     1
   Cast: Summon Small Mamm |       |       |     1 |       ||     1
         Call Imp          |       |       |     1 |       ||     1
    Use: Scroll            |       |     9 |     8 |     5 ||    22
         Potion            |       |       |     2 |       ||     2
   Stab: Sleeping          |       |     1 |       |       ||     1
 Armour: Robe              |     7 |    35 |   103 |   106 ||   251
         Scale mail        |       |     3 |       |       ||     3
  Dodge: Dodged            |    32 |    92 |   240 |   157 ||   521
  Block: Orb               |       |       |    47 |   134 ||   181
         Reflection        |       |       |       |     4 ||     4

Table legend: (Time is in decaauts)
 A = Elapsed time spent in this place.
 B = Non-inter-level travel time spent in this place.
 C = Inter-level travel time spent in this place.
 D = Time resting spent in this place.
 E = Time spent auto-exploring this place.
 F = Levels seen in this place.
 G = Mean time per level.
                   A        B        C        D        E       F      G
               +--------+--------+--------+--------+--------+-----+--------+
         Total |   9904 |   9510 |    394 |    432 |   7056 |  12 |  825.3 |
       Dungeon |   7201 |   6894 |    307 |    214 |   5337 |   8 |  900.1 |
        Temple |    263 |    242 |     21 |      0 |    234 |   1 |  263.0 |
          Lair |   1912 |   1846 |     66 |    218 |   1119 |   2 |  956.0 |
         Sewer |    526 |    526 |      0 |      0 |    366 |   1 |  526.0 |
               +--------+--------+--------+--------+--------+-----+--------+

Top non-repeatable levels by time:
  Lair:1: 1312 daAuts
     D:1: 1145 daAuts
     D:6: 1102 daAuts
     D:8: 1039 daAuts
     D:7: 980 daAuts
     D:2: 841 daAuts
     D:3: 746 daAuts
     D:4: 698 daAuts
     D:5: 647 daAuts
  Lair:2: 600 daAuts
   Sewer: 526 daAuts
  Temple: 263 daAuts
